AoeStats
← Xplozive11

Migration

508120917Analyzed
1v1 RM · 9d ago on Sep 21, 2026· 39m 7s· 2 players
Game mode
Random Map
Map size
132×132
Population
200
Speed
Normal
Resources
Standard
Victory
Conquest
Starting age
Dark Age
Ending age
Imperial Age
RankedLock teamsTeams togetherTeam positionsShared explorationLock speedFull tech treeHidden civsTurbo modeCheats
Victory
Defeat
🇨🇱 Malay · Chile
518
+17
🇪🇸 Aztecs · Spain
534
-17
Xplozive11
8:59 Feudal Age
18:34 Castle Age
23:23 Medium Warships
22:34 Demolition Ship
26:32 Arson
26:48 Squires
26:08 Pikeman
26:41 Double-Bit Axe
27:29 Fletching
27:50 Forging
27:46 Scale Barding Armor
36:57 Imperial Age
jhuerta1601
11:28 Feudal Age
12:18 Double-Bit Axe
20:11 Wheelbarrow
24:50 Castle Age
28:27 Horse Collar
34:50 Bow Saw
Connection lost

Rejoining the realm…

Still unreachable

The connection could not be restored.

Session expired

The server has moved on; the page needs a fresh start.